SAA
LANCASTER FARMERS @ BELVEDERE PARK RAWHIDES
08/30/2037
 
TOP OF THE 1ST
Lancaster Farmers batting - Pitching for Belvedere Park Rawhides : LHP Javier Vallejo
Pitching: LHP Javier Vallejo
Batting: RHB Álex Chávez 0-0: Swinging Strike
0-1: Swinging Strike
0-2: Strikes out swinging
Batting: LHB Bryan Decker 0-0: Called Strike
0-1: Swinging Strike
0-2: Ball
1-2: Foul Ball, location: 2F
1-2: Foul Ball, location: 2F
1-2: Ball
2-2: Ball
3-2: Base on Balls
Batting: RHB Curf Pierstisnips 0-0: Called Strike
0-1: Fly out, F8 (Flyball, 8RD, EV 85.6 MPH)
Batting: SHB Ray Carey 0-0: Ground out U3 (Groundball, 3, EV 98.8 MPH)
Top of the 1st over - 0 runs, 0 hits, 0 errors, 1 left on base; Lancaster 0 - Belvedere Park 0
BOTTOM OF THE 1ST
Belvedere Park Rawhides batting - Pitching for Lancaster Farmers : RHP Hugh Scott
Pitching: RHP Hugh Scott
Batting: LHB António Muńóz 0-0: Foul Ball, location: 2F
0-1: SINGLE (Groundball, 34, EV 84.4 MPH) (infield hit)
Batting: RHB Hang-ki Chung 0-0: Ball
1-0: Foul Ball, location: 2F
1-1: Ball
2-1: Fly out, F7 (Line Drive, 7D, EV 95.6 MPH)
Batting: RHB Richello Oliva 0-0: Called Strike
António Muńóz steals 2nd base (no throw)
0-1: Foul Ball, location: 2F
0-2: Ball
1-2: Foul Ball, location: 2F
1-2: Fly out, F7 (Flyball, 78S, EV 85.0 MPH)
Batting: LHB Bill Dixon 0-0: Ball
1-0: Fly out, F7 (Flyball, 7, EV 83.8 MPH)
Bottom of the 1st over - 0 runs, 1 hit, 0 errors, 1 left on base; Lancaster 0 - Belvedere Park 0
TOP OF THE 2ND
Lancaster Farmers batting - Pitching for Belvedere Park Rawhides : LHP Javier Vallejo
Batting: LHB Fernando Sandoval 0-0: Called Strike
0-1: Foul Ball, location: 2F
0-2: Ball
1-2: Strikes out swinging
Batting: RHB Cord Hosenbeck 0-0: DOUBLE (Groundball, 3L, EV 105.6 MPH)
Batting: RHB Eibe Schmidt 0-0: Called Strike
0-1: Ground out 6-3 (Groundball, 56, EV 104.4 MPH)
Batting: RHB Joshua Cadaval 0-0: SINGLE (Groundball, 56D, EV 104.4 MPH)
Cord Hosenbeck to third
Runner from 3rd tries for Home, SAFE, throw by LF to home
Batting: LHB Puck Schit 0-0: Fly out, F7 (Flyball, 7, EV 95.0 MPH)
Top of the 2nd over - 1 run, 2 hits, 0 errors, 1 left on base; Lancaster 1 - Belvedere Park 0
BOTTOM OF THE 2ND
Belvedere Park Rawhides batting - Pitching for Lancaster Farmers : RHP Hugh Scott
Batting: RHB Woodrow McGuire 0-0: Foul Ball, location: 2F
0-1: Swinging Strike
0-2: Ball
1-2: Foul Ball, location: 2F
1-2: Foul Ball, location: 2F
1-2: Ball
2-2: Ball
3-2: Base on Balls
Batting: LHB Alec Hall 0-0: Ball
1-0: Fly out, F3 (Popup, 3, EV 65.0 MPH)
Batting: RHB Jun-soo Yi 0-0: Called Strike
0-1: Fly out, F9 (Flyball, 9LD, EV 88.8 MPH)
Batting: SHB Hélio Capriati 0-0: Called Strike
0-1: Swinging Strike
0-2: DOUBLE (Line Drive, 5D, EV 98.8 MPH)
Woodrow McGuire to third
Runner from 3rd tries for Home, SAFE, throw by LF to home
Batting: RHB Duane Davis 0-0: Ball
1-0: SINGLE (Line Drive, 8RS, EV 94.4 MPH)
Hélio Capriati to third
Runner from 3rd tries for Home, SAFE, no throw by CF
Batting: LHB António Muńóz 0-0: Ball
1-0: Called Strike
1-1: Fly out, F7 (Line Drive, 7D, EV 95.6 MPH)
Bottom of the 2nd over - 2 runs, 2 hits, 0 errors, 1 left on base; Lancaster 1 - Belvedere Park 2
TOP OF THE 3RD
Lancaster Farmers batting - Pitching for Belvedere Park Rawhides : LHP Javier Vallejo
Batting: RHB Álex Chávez 0-0: Fly out, F9 (Flyball, 9S, EV 90.0 MPH)
Batting: LHB Bryan Decker 0-0: Ball
1-0: Swinging Strike
1-1: Ball
2-1: Ground out 4-3 (Groundball, 34, EV 108.8 MPH)
Batting: RHB Curf Pierstisnips 0-0: Ball
1-0: Foul Ball, location: 2F
1-1: Fly out, F2 (Popup, 25F, EV 89.4 MPH)
Top of the 3rd over - 0 runs, 0 hits, 0 errors, 0 left on base; Lancaster 1 - Belvedere Park 2
BOTTOM OF THE 3RD
Belvedere Park Rawhides batting - Pitching for Lancaster Farmers : RHP Hugh Scott
Batting: RHB Hang-ki Chung 0-0: Foul Ball, location: 2F
0-1: Fly out, F4 (Popup, 34, EV 74.4 MPH)
Batting: RHB Richello Oliva 0-0: Called Strike
0-1: Foul Ball, location: 2F
0-2: Foul Ball, location: 2F
0-2: Ball
1-2: Ball
2-2: Fly out, F3 (Line Drive, 4, EV 69.4 MPH)
Batting: LHB Bill Dixon 0-0: Swinging Strike
0-1: Fly out, F9 (Flyball, 89M, EV 94.4 MPH)
Bottom of the 3rd over - 0 runs, 0 hits, 0 errors, 0 left on base; Lancaster 1 - Belvedere Park 2
TOP OF THE 4TH
Lancaster Farmers batting - Pitching for Belvedere Park Rawhides : LHP Javier Vallejo
Batting: SHB Ray Carey 0-0: Ball
1-0: Swinging Strike
1-1: Swinging Strike
1-2: Strikes out swinging
Batting: LHB Fernando Sandoval 0-0: Called Strike
0-1: Foul Ball, location: 2F
0-2: Ball
1-2: Foul Ball, location: 2F
1-2: Ball
2-2: Foul Ball, location: 2F
2-2: Ball
3-2: Fly out, F2 (Popup, 23F, EV 85.6 MPH)
Batting: RHB Cord Hosenbeck 0-0: DOUBLE (Line Drive, 3D, EV 103.1 MPH)
Batting: RHB Eibe Schmidt 0-0: Called Strike
0-1: Ground out 5-3 (Groundball, 56, EV 93.1 MPH)
Top of the 4th over - 0 runs, 1 hit, 0 errors, 1 left on base; Lancaster 1 - Belvedere Park 2
BOTTOM OF THE 4TH
Belvedere Park Rawhides batting - Pitching for Lancaster Farmers : RHP Hugh Scott
Batting: RHB Woodrow McGuire 0-0: Called Strike
0-1: SINGLE (Flyball, 89M, EV 85.0 MPH)
Batting: LHB Alec Hall 0-0: Swinging Strike
0-1: Ball
1-1: Ball
2-1: Foul Ball, location: 2F
2-2: Foul Ball, location: 2F
2-2: DOUBLE (Groundball, 5L, EV 97.5 MPH)
Woodrow McGuire to third
Batting: RHB Jun-soo Yi 0-0: Ball
1-0: Ball
2-0: SINGLE (Line Drive, 89S, EV 102.5 MPH)
Woodrow McGuire scores
Alec Hall to third
Batting: SHB Hélio Capriati 0-0: Ball
1-0: Ball
2-0: Fielders Choice at 2nd, 4-6 (Groundball, 4, EV 83.1 MPH)
Alec Hall scores
Batting: RHB Duane Davis 0-0: Ball
1-0: Foul Ball, location: 2F
1-1: Grounds into double play, 6-4-3 (Groundball, 6, EV 86.2 MPH)
Bottom of the 4th over - 2 runs, 3 hits, 0 errors, 0 left on base; Lancaster 1 - Belvedere Park 4
TOP OF THE 5TH
Lancaster Farmers batting - Pitching for Belvedere Park Rawhides : LHP Javier Vallejo
Batting: RHB Joshua Cadaval 0-0: Ball
1-0: Called Strike
1-1: Ball
2-1: Single, Error in OF, E8, batter to second base (Groundball, 6D, EV 100.0 MPH)
Batting: LHB Puck Schit 0-0: Ball
1-0: Called Strike
1-1: Ball
2-1: Foul Ball, location: 2F
2-2: SINGLE (Groundball, 3D, EV 96.9 MPH)
Joshua Cadaval to third
Batting: RHB Álex Chávez 0-0: Fly out, F8 (Flyball, 8LD, EV 90.0 MPH)
Batting: LHB Bryan Decker 0-0: Called Strike
Puck Schit steals 2nd base
0-1: Foul Ball, location: 2F
0-2: Ball
1-2: Foul Ball, location: 2F
1-2: Ball
2-2: DOUBLE (Line Drive, 78M, EV 94.4 MPH)
Joshua Cadaval scores
Puck Schit scores
Batting: RHB Curf Pierstisnips 0-0: Called Strike
0-1: Foul Ball, location: 2F
0-2: SINGLE (Groundball, 6MD, EV 94.4 MPH)
Bryan Decker to third
Runner from 3rd tries for Home, throw by CF and OUT! 8-2
Batting: SHB Ray Carey 0-0: Called Strike
0-1: Ball
1-1: Ball
2-1: Ball
3-1: Called Strike
3-2: Strikes out swinging
Top of the 5th over - 2 runs, 4 hits, 1 error, 1 left on base; Lancaster 3 - Belvedere Park 4
BOTTOM OF THE 5TH
Belvedere Park Rawhides batting - Pitching for Lancaster Farmers : RHP Hugh Scott
Batting: LHB António Muńóz 0-0: Called Strike
0-1: SINGLE (Flyball, 5D, EV 95.0 MPH)
Batting: RHB Hang-ki Chung 0-0: Sac Bunt to 25 - play at first, batter OUT! 5-3
António Muńóz to second
Batting: RHB Richello Oliva 0-0: Ball
1-0: Foul Ball, location: 2F
1-1: Called Strike
1-2: Foul Ball, location: 2F
1-2: SINGLE (Line Drive, 78S, EV 103.1 MPH)
António Muńóz to third
Batting: LHB Bill Dixon 0-0: Foul Ball, location: 2F
0-1: Ball
1-1: Swinging Strike
1-2: Foul Ball, location: 2F
1-2: Foul Ball, location: 2F
1-2: Foul Ball, location: 2F
1-2: DOUBLE (Groundball, 3L, EV 104.4 MPH)
António Muńóz scores
Richello Oliva to third
Pitching: RHP Robert Alves
Batting: RHB Woodrow McGuire 0-0: Swinging Strike
0-1: Swinging Strike
0-2: Strikes out swinging
Batting: LHB Alec Hall 0-0: SINGLE (Flyball, 9S, EV 95.0 MPH)
Richello Oliva scores
Bill Dixon to third
Batting: RHB Jun-soo Yi 0-0: Called Strike
0-1: Ball
1-1: Called Strike
1-2: Ball
2-2: Strikes out looking
Bottom of the 5th over - 2 runs, 4 hits, 0 errors, 2 left on base; Lancaster 3 - Belvedere Park 6
TOP OF THE 6TH
Lancaster Farmers batting - Pitching for Belvedere Park Rawhides : LHP Javier Vallejo
Batting: LHB Fernando Sandoval 0-0: Ball
1-0: Foul Ball, location: 2F
1-1: Fly out, F7 (Line Drive, 7, EV 94.4 MPH)
Batting: RHB Cord Hosenbeck 0-0: Ball
1-0: Swinging Strike
1-1: Ball
2-1: Ground out 4-3 (Groundball, 4, EV 106.2 MPH)
Batting: RHB Eibe Schmidt 0-0: Ground out 5-3 (Groundball, 56S, EV 70.0 MPH)
Top of the 6th over - 0 runs, 0 hits, 0 errors, 0 left on base; Lancaster 3 - Belvedere Park 6
BOTTOM OF THE 6TH
Belvedere Park Rawhides batting - Pitching for Lancaster Farmers : RHP Robert Alves
Batting: SHB Hélio Capriati 0-0: Ball
1-0: Ball
2-0: Ground out 4-3 (Groundball, 34, EV 100.0 MPH)
Batting: RHB Duane Davis 0-0: Swinging Strike
0-1: Ball
1-1: Called Strike
1-2: Ball
2-2: Strikes out swinging
Batting: LHB António Muńóz 0-0: Ball
1-0: Swinging Strike
1-1: Ball
2-1: Swinging Strike
2-2: Strikes out swinging
Bottom of the 6th over - 0 runs, 0 hits, 0 errors, 0 left on base; Lancaster 3 - Belvedere Park 6
TOP OF THE 7TH
Lancaster Farmers batting - Pitching for Belvedere Park Rawhides : LHP Javier Vallejo
Batting: RHB Joshua Cadaval 0-0: Called Strike
0-1: Fly out, F8 (Line Drive, 8RM, EV 106.2 MPH)
Batting: LHB Puck Schit 0-0: Ball
1-0: SINGLE (Line Drive, 56D, EV 95.6 MPH)
Batting: RHB Álex Chávez 0-0: Ball
1-0: Ball
2-0: Fly out, F8 (Flyball, 8LM, EV 81.2 MPH)
Batting: LHB Bryan Decker 0-0: Ball
1-0: Fly out, F7 (Flyball, 7D, EV 83.8 MPH)
Top of the 7th over - 0 runs, 1 hit, 0 errors, 1 left on base; Lancaster 3 - Belvedere Park 6
BOTTOM OF THE 7TH
Belvedere Park Rawhides batting - Pitching for Lancaster Farmers : RHP Robert Alves
Batting: RHB Hang-ki Chung 0-0: Called Strike
0-1: Ground out 6-3 (Groundball, 6M, EV 103.8 MPH)
Batting: RHB Richello Oliva 0-0: Ball
1-0: Ball
2-0: Called Strike
2-1: Swinging Strike
2-2: Fly out, F8 (Line Drive, 8LD, EV 95.0 MPH)
Batting: LHB Bill Dixon 0-0: Ball
1-0: Foul Ball, location: 2F
1-1: Ball
2-1: Ball
3-1: Base on Balls
Batting: RHB Woodrow McGuire 0-0: Called Strike
0-1: SINGLE (Line Drive, 6D, EV 102.5 MPH)
Bill Dixon to second
Batting: LHB Alec Hall 0-0: Ball
1-0: Swinging Strike
1-1: Called Strike
1-2: Strikes out swinging
Bottom of the 7th over - 0 runs, 1 hit, 0 errors, 2 left on base; Lancaster 3 - Belvedere Park 6
TOP OF THE 8TH
Lancaster Farmers batting - Pitching for Belvedere Park Rawhides : LHP Javier Vallejo
Batting: RHB Curf Pierstisnips 0-0: Fly out, F9 (Flyball, 9S, EV 75.0 MPH)
Batting: SHB Ray Carey 0-0: Called Strike
0-1: Called Strike
0-2: Ball
1-2: Ball
2-2: Strikes out swinging
Pitching: RHP Ron Pomar
Batting: LHB Fernando Sandoval 0-0: Foul Ball, location: 2F
0-1: Foul Ball, location: 2F
0-2: Fly out, F3 (Line Drive, 3, EV 62.5 MPH)
Top of the 8th over - 0 runs, 0 hits, 0 errors, 0 left on base; Lancaster 3 - Belvedere Park 6
BOTTOM OF THE 8TH
Belvedere Park Rawhides batting - Pitching for Lancaster Farmers : RHP Robert Alves
Batting: RHB Jun-soo Yi 0-0: Called Strike
0-1: Ball
1-1: Called Strike
1-2: Strikes out swinging
Batting: SHB Hélio Capriati 0-0: Ball
1-0: Fly out, F8 (Line Drive, 8LD, EV 88.8 MPH)
Batting: RHB Duane Davis 0-0: Called Strike
0-1: Called Strike
0-2: Foul Ball, location: 2F
0-2: Ball
1-2: Ball
2-2: Ball
3-2: Base on Balls
Batting: LHB António Muńóz 0-0: Ball
1-0: Foul Ball, location: 2F
1-1: Ball
2-1: Foul Ball, location: 2F
2-2: Ball
3-2: Base on Balls
Duane Davis to second
Pitching: LHP Miguel Longoria
Batting: RHB Hang-ki Chung 0-0: Ball
1-0: SINGLE (Line Drive, 6D, EV 105.6 MPH)
Duane Davis to third
António Muńóz to second
Batting: RHB Richello Oliva 0-0: Foul Ball, location: 2F
0-1: Ball
1-1: Called Strike
1-2: Ball
2-2: Ball
3-2: Ground out 5-3 (Groundball, 5S, EV 88.8 MPH)
Bottom of the 8th over - 0 runs, 1 hit, 0 errors, 3 left on base; Lancaster 3 - Belvedere Park 6
TOP OF THE 9TH
Lancaster Farmers batting - Pitching for Belvedere Park Rawhides : RHP Ron Pomar
Pitching: RHP Millard Smith
Batting: RHB Cord Hosenbeck 0-0: Ball
1-0: Ball
2-0: Swinging Strike
2-1: Foul Ball, location: 2F
2-2: Fly out, F7 (Flyball, 7S, EV 81.9 MPH)
Batting: RHB Eibe Schmidt 0-0: Ball
1-0: Fly out, F7 (Flyball, 78M, EV 76.2 MPH)
Batting: RHB Joshua Cadaval 0-0: Foul Ball, location: 2F
0-1: Foul Ball, location: 2F
0-2: Foul Ball, location: 2F
0-2: Ball
1-2: Ground out 6-3 (Groundball, 6, EV 83.1 MPH)
Top of the 9th over - 0 runs, 0 hits, 0 errors, 0 left on base; Lancaster 3 - Belvedere Park 6
Thursday, January 23rd, 2020 - OOTP Baseball 20.8 Build 74